 Dungeon Crawl Stone Soup version 0.31-a0-152-g6aa68a64a1 (webtiles) character file.

Game seed: 6211826510291769599

95 qw the Shooter (level 4, -2/38 HPs)
             Began as a Minotaur Hunter on June 9, 2023.
             Slain by a gnoll
             ... wielding a +0 flail
              (6 damage)
             ... on level 2 of the Dungeon.
             The game lasted 00:00:27 (1188 turns).

qw the Shooter (Minotaur Hunter)                    Turns: 1188, Time: 00:00:28

Health: -2/38      AC:  3    Str: 16    XL:     4   Next: 39%
Magic:  3/3        EV: 12    Int:  6    God:
Gold:   72         SH:  0    Dex: 15    Spells: 3/3 levels left

rFire   . . .        Y - +0 shortbow
rCold   . . .        (shield currently unavailable)
rNeg    + . .        c - +0 leather armour
rPois   .            (helmet restricted)
rElec   .            (no cloak)
rCorr   .            (no gloves)
SInv    .            (no boots)
Will    .....        (no amulet)
Stlth   +            i - ring of positive energy
HPRegen 0.26/turn    (no ring)
MPRegen 0.08/turn

%: no passive effects
@: no status effects
A: horns 2, retaliatory headbutt
a: no special abilities


You were on level 2 of the Dungeon.
You visited 1 branch of the dungeon, and saw 2 of its levels.

You collected 72 gold pieces.


Innate Abilities, Weirdness & Mutations

You have a pair of horns on your head.
You reflexively headbutt those who attack you in melee.


   Skills:
 + Level 3.5 Fighting
 - Level 6.0 Ranged Weapons
 - Level 2.1 Dodging
 - Level 0.7 Stealth


You had 3 spell levels left.
You didn't know any spells.
Your spell library was empty.

Inventory:

Hand Weapons
 Y - a +0 shortbow (weapon)
Armour
 c - a +0 leather armour (worn)
Jewellery
 i - a ring of positive energy (left hand)
Scrolls
 d - a scroll of identify {unknown}
Potions
 a - a potion of enlightenment {unknown}
 b - a potion of mutation {unknown}
 e - a potion of degeneration {unknown}
 f - a potion of curing {unknown}
 j - a potion of lignification {unknown}

Dungeon Overview and Level Annotations

Branches:
Dungeon (2/15)

Altars:

Shops:
D:1 !


Message History

A gnoll comes into view. It is wielding a +0 spear.
You shoot an arrow. The gnoll shouts!
The arrow hits the gnoll!
The gnoll is heavily wounded.
You hear a shout!
The gnoll barely misses you.
You shoot an arrow. The arrow barely misses the gnoll.
The arrow closely misses the gnoll.
The arrow hits the gnoll!
The gnoll is heavily wounded.
The gnoll closely misses you.
A gnoll comes into view. It is wielding a +0 halberd.
You shoot an arrow. The arrow hits the gnoll.
The gnoll is severely wounded.
The gnoll hits you from afar with a +0 spear!
You shoot an arrow. The arrow hits the gnoll.
The gnoll is moderately wounded.
The gnoll misses you.
You shoot an arrow. The arrow barely misses the gnoll.
The gnoll hits you from afar with a +0 spear.
The gnoll barely misses you.
You shoot an arrow. The arrow closely misses the gnoll.
The gnoll hits you from afar with a +0 spear.
The gnoll completely misses you.
The gnoll hits you from afar with a +0 spear.
You shoot an arrow.
The arrow hits the gnoll but does no damage.
The gnoll is moderately wounded.
The gnoll hits you from afar with a +0 spear.
The gnoll closely misses you. You furiously retaliate!
You headbutt the gnoll.
The gnoll hits you from afar with a +0 spear!
The gnoll misses you. x2; The gnoll hits you with a +0 flail.
You shoot an arrow. The arrow closely misses the gnoll.
The gnoll closely misses you. The gnoll hits you with a +0 flail.
The gnoll closely misses you.
You shoot an arrow.
The arrow hits the gnoll but does no damage.
The gnoll is heavily wounded.
The gnoll misses you. The gnoll hits you with a +0 flail.
You die...

#.#..#............#
#.#..#.....####...#
#.................#
#..#.#..######....#
#..<.........#....#
#..#.##.####.#g...#
#..#.##.# #.#gg..#
#..#.##.####.#....#
##..#.........g@...#
#...#.##.####...#.<#
#..##.##....#......#
#..##....^.........#
#..######.#.#..###.#
#..#####.##.#..###.#
#..................#
#.###.##.##.##.###.#
#.# #.###.#.#<:# #.#


You could see 4 gnolls.

Vanquished Creatures
  Jessica (D:2)
  3 adders
  2 worms (D:2)
  A dart slug (D:2)
  2 ball pythons
  An endoplasm (D:1)
  A giant cockroach (D:2)
  3 hobgoblins
  5 jackals
  2 kobolds (D:2)
  4 quokkas
  A bat (D:1)
  2 frilled lizards
  A goblin (D:1)
  3 rats (D:1)
32 creatures vanquished.

Notes
Turn   | Place    | Note
-------+----------+-------------------------------------------
     0 | D:1      | qw the Minotaur Hunter began the quest for the Orb.
     0 | D:1      | Reached XP level 1. HP: 18/18 MP: 0/0
     0 | D:1      | 0 ||| qw: Version: 0.2-a-122-gbc61b45
     0 | D:1      | 0 ||| qw: Game counter: 3381
     0 | D:1      | 0 ||| qw: Always use a shield: true
     0 | D:1      | 0 ||| qw: God list: Okawaru
     0 | D:1      | 0 ||| qw: Allow faded altars: false
     0 | D:1      | 0 ||| qw: Do Orc after D:15 true
     0 | D:1      | 0 ||| qw: Do second Lair branch before Depths: true
     0 | D:1      | 0 ||| qw: Lair rune preference: random
     0 | D:1      | 0 ||| qw: Plans: Normal
     0 | D:1      | 0 ||| PLANNING D:1-11
    60 | D:1      | HP: 4/18 [jackal (3)]
   165 | D:1      | Found Nesuroa's Distillery.
   175 | D:1      | 175 ||| SHOPLISTING potion of cancellation (104 gold, have
                  | 7).
   175 | D:1      | 175 ||| SHOPLISTING potion of curing (39 gold, have 7).
   175 | D:1      | 175 ||| SHOPLISTING potion of haste (130 gold, have 7).
   175 | D:1      | 175 ||| SHOPLISTING potion of heal wounds (65 gold, have
                  | 7).
   175 | D:1      | 175 ||| SHOPLISTING potion of might (52 gold, have 7).
   175 | D:1      | 175 ||| SHOPLISTING potion of mutation (104 gold, have 7).
   191 | D:1      | Reached XP level 2. HP: 25/25 MP: 1/1
   361 | D:1      | Reached skill level 5 in Ranged Weapons
   466 | D:1      | 466 ||| UPGRADING to ring of positive energy.
   467 | D:1      | 467 ||| READING scroll labelled COURATWOCW.
   468 | D:1      | 468 ||| READING scroll labelled HIEPHIVVAUNG.
   469 | D:1      | 469 ||| DRINKING 2 white potions.
   470 | D:1      | 470 ||| DROPPING scroll of butterflies.
   471 | D:1      | 471 ||| DROPPING potion of attraction.
   508 | D:2      | 508 ||| STAIRDANCE
   512 | D:1      | Reached skill level 3 in Fighting
   586 | D:2      | Noticed Jessica
   589 | D:2      | Killed Jessica
   590 | D:2      | Reached XP level 3. HP: 27/31 MP: 2/2
   725 | D:2      | Reached XP level 4. HP: 37/38 MP: 3/3
   891 | D:2      | Reached skill level 6 in Ranged Weapons
  1186 | D:2      | HP: 9/38 [gnoll/+0 flail (3)]
  1187 | D:2      | HP: 3/38 [gnoll/+0 flail (6)]
  1188 | D:2      | Slain by a gnoll

Levels and vault maps discovered:
D:1:      saegor_arrival_simple_b, layout_rooms, serial_shops, shop,
          wad_floor_pattern_2
D:2:      layout_loops_ring, nrook_campfire, item_on_display_a, uniq_jessica

Skill      XL: |  1  2  3  4 |
---------------+-------------+-----
Ranged Weapons | 5 6 |  6.0
Fighting       | 3 |  3.5
Dodging        | |  2.1
Stealth        | |  0.7

Action                     |  1- 3 |  4- 6 || total
---------------------------+-------+-------++-------
   Fire: Shortbow          |    67 |    43 ||   110
    Use: Scroll            |     2 |       ||     2
         Potion            |     1 |       ||     1
 Armour: Leather armour    |     7 |     1 ||     8
  Dodge: Dodged            |    23 |    19 ||    42

Table legend:
 A = Non-vault XP
 B = Vault XP
 C = Vault XP percentage of total XP
 D = Non-vault monster count
 E = Vault monster count
 F = Vault count percentage of total count
                 A         B        C        D         E       F
            +---------+---------+-------+---------+---------+-------
      Total |      99 |      37 |  27.2 |      31 |       1 |   3.1
            +---------+---------+-------+---------+---------+-------
        D:1 |      32 |       0 |   0.0 |      13 |       0 |   0.0
        D:2 |      67 |      37 |  35.6 |      18 |       1 |   5.3
            +---------+---------+-------+---------+---------+-------
